 Dungeon Crawl Stone Soup version 0.20.1-1-g8b1a95d (webtiles) character file.

420 ReteAZ the Ruffian (level 6, -17/59 HPs)
             Began as a Troll Monk on Aug 20, 2017.
             Demolished by a two-headed ogre
             ... wielding a +0 giant spiked club
              (19 damage)
             ... on level 4 of the Dungeon.
             The game lasted 00:03:38 (2440 turns).

ReteAZ the Ruffian (Troll Monk)                     Turns: 2440, Time: 00:03:39

Health: -17/59     AC:  6    Str: 20    XL:     6   Next: 62%
Magic:  5/5        EV: 10    Int:  8    God:
Gold:   247        SH:  0    Dex: 12    Spells: 5/5 levels left

rFire    . . .     SeeInvis .     - Unarmed
rCold    . . .     Gourm    +   (no shield)
rNeg     . . .     Faith    .   c - +1 robe {MR+}
rPois    .         Spirit   .   (helmet restricted)
rElec    .         Reflect  .   (no cloak)
rCorr    .         Harm     .   (gloves unavailable)
MR       ++...                  (boots unavailable)
Stlth    ++........             e - amulet of magic regeneration
Regen    0.6/turn               r - ring of flight
MPRegen  0.2/turn               w - ring of protection from magic

@: no status effects
A: unfitting armour, claws 3, fast metabolism 3, gourmand, regeneration 1,
shaggy fur 1, tough skin 2
a: Evoke Flight


You were on level 4 of the Dungeon.
You were completely stuffed.

You visited 1 branch of the dungeon, and saw 4 of its levels.

You collected 247 gold pieces.

Inventory:

Missiles
 o - 2 tomahawks
 p - 2 javelins of penetration (quivered)
 q - 4 large rocks
Armour
 a - a +0 robe
 c - a +1 robe of magic resistance (worn)
Jewellery
 e - an amulet of magic regeneration (around neck)
 r - a ring of flight (left claw)
 w - a ring of protection from magic (right claw)
Scrolls
 f - 11 scrolls of identify {unknown}
 g - 6 scrolls of teleportation {unknown}
 h - 2 scrolls of fear {unknown}
 j - a scroll of immolation {unknown}
 s - 2 scrolls of enchant weapon {unknown}
 t - 3 scrolls of amnesia {unknown}
 u - 3 scrolls of remove curse {unknown}
 v - a scroll of enchant armour {unknown}
Potions
 d - 2 potions of lignification {unknown}
 k - 2 potions of heal wounds {unknown}
 l - 3 potions of curing {unknown}
 n - a potion of resistance {unknown}
 x - 2 potions of mutation {unknown}
 A - a potion of brilliance {unknown}
 C - a potion of haste
Comestibles
 b - 5 bread rations
 i - 2 royal jellies
 m - 2 fruits
 z - 7 chunks of flesh
 B - a meat ration


   Skills:
 - Level 2.4 Fighting
 - Level 2.4 Dodging
 - Level 1.0 Stealth
 + Level 7.6 Unarmed Combat


You had 5 spell levels left.
You didn't know any spells.

Dungeon Overview and Level Annotations

Branches:
Dungeon (4/15)
 Temple: D:4-7

Altars:

Shops:
D:4 *


Innate Abilities, Weirdness & Mutations

You are too large for most types of armour.
You have claws for hands.
Your metabolism is lightning-fast.
You like to eat raw meat.
Your natural rate of healing is unusually fast.
You are covered in fur. (AC +1)
You have very tough skin. (AC +2)


Message History

The two-headed ogre hits you with a giant club!
You are too injured to fight recklessly!
You are too injured to fight recklessly!
You are too injured to fight recklessly!
You are too injured to fight recklessly!
You are too injured to fight recklessly!
You are too injured to fight recklessly!
You are too injured to fight recklessly!
You are too injured to fight recklessly!
You scratch the two-headed ogre but do no damage.
The two-headed ogre is heavily wounded.
You claw the two-headed ogre!
The two-headed ogre is severely wounded.
The two-headed ogre hits you with a giant spiked club!!
* * * LOW HITPOINT WARNING * * *
The two-headed ogre completely misses you.
You claw the two-headed ogre!
The two-headed ogre is almost dead.
The two-headed ogre hits you with a giant spiked club!!
You die...

#.# ### ## #.. ##.## ...
### ##...## .[.######
...... ......... #....#.
#..##<#..
..#.#.####..#..... #
#O#.#.......#>.#..
.##.##@#.##.....##..#..
#.........##............
####.#.....#........###.
#.............####...
#...≈≈≈.......# #.#.
#..≈≈≈≈≈..########.#.
#..≈≈♣≈≈........##.#.
#..≈≈≈≈≈...####.##...
♣...≈≈≈...♣# ##.####.


You could see a two-headed ogre.

Vanquished Creatures
  Eustachio (D:4)
  The ghost of ReteAZ the Conjurer, an amateur DgCj (D:4)
  A quasit (D:3)
  An orc wizard (D:4)
  Robin (D:4)
  2 adders
  2 oozes
  A worm (D:3)
  A dart slug (D:1)
  3 leopard geckos
  7 orcs
  4 giant cockroaches
  11 goblins
  11 hobgoblins
  6 jackals
  8 kobolds
  2 quokkas
  8 bats
  5 frilled lizards
  10 rats
86 creatures vanquished.

Notes
Turn   | Place    | Note
-------+----------+-------------------------------------------
     0 | D:1      | ReteAZ the Troll Monk began the quest for the Orb.
     0 | D:1      | Reached XP level 1. HP: 22/22 MP: 0/0
    30 | D:1      | Reached XP level 2. HP: 26/29 MP: 1/1
   280 | D:1      | Reached skill level 4 in Unarmed Combat
   404 | D:1      | Reached XP level 3. HP: 36/36 MP: 2/2
  1562 | D:3      | Reached XP level 4. HP: 44/44 MP: 3/3
  1647 | D:3      | Reached skill level 5 in Unarmed Combat
  1948 | D:3      | Reached XP level 5. HP: 49/50 MP: 4/4
  2022 | D:4      | Noticed Eustachio
  2037 | D:4      | Killed Eustachio
  2037 | D:4      | Reached skill level 6 in Unarmed Combat
  2037 | D:4      | Reached XP level 6. HP: 36/59 MP: 5/5
  2040 | D:4      | Reached skill level 7 in Unarmed Combat
  2191 | D:4      | Found Liur's General Store.
  2338 | D:4      | Noticed Robin
  2345 | D:4      | Killed Robin
  2402 | D:4      | Noticed ReteAZ's ghost (amateur DgCj)
  2412 | D:4      | Killed ReteAZ's ghost
  2434 | D:4      | Noticed a two-headed ogre
  2439 | D:4      | HP: 1/59 [two-headed ogre/giant spiked club (27)]
  2440 | D:4      | Demolished by a two-headed ogre

Skill      XL: |  1  2  3  4  5  6 |
---------------+-------------------+-----
Unarmed Combat | 4 5 6 7 |  7.6
Fighting       | |  2.4
Dodging        | |  2.4
Stealth        | |  1.0

Action                   |  1- 3 |  4- 6 || total
-------------------------+-------+-------++-------
Melee: Unarmed           |    91 |   110 ||   201
       Punch             |     1 |     1 ||     2
 Stab: Sleeping          |     4 |     3 ||     7
  Eat: Chunk             |    14 |    13 ||    27
       Fruit             |     1 |       ||     1
Armor: Robe              |    30 |    22 ||    52
Dodge: Dodged            |    38 |    42 ||    80
